 Dungeon Crawl Stone Soup version 0.30-a0-722-g3e6e8c874d (webtiles) character file.

Game seed: 10387938441966069682

2511 Bnni the Cleaver (level 9, -4/71 (74) HPs)
             Began as a Formicid Fighter on Jan 27, 2023.
             Slain by a wight
             ... wielding a +7 flail of freezing
              (6 damage)
             ... on level 6 of the Dungeon.
             The game lasted 00:06:52 (5788 turns).

Bnni the Cleaver (Formicid Fighter)                 Turns: 5788, Time: 00:06:53

HP:   -4/71 (74)    AC: 19    Str: 23    XL:     9   Next: 83%
MP:   9/9           EV:  5    Int:  8    God:
Gold: 434           SH: 10    Dex: 14    Spells: 8/8 levels left

rFire   . . .      SeeInvis +    a - +0 war axe
rCold   . . .      Faith    +    w - +0 kite shield
rNeg    + . .      Spirit   .    m - +0 plate armour
rPois   +          Reflect  .    (helmet unavailable)
rElec   .          Harm     .    p - +2 ratskin cloak {*Rats rPois rN+ Str-1 Int-1 Dex+1}
rCorr   .          Rampage  .    u - +0 pair of gloves
Will    .....                    (no boots) Stlth
                                 o - amulet of faith
HPRegen 0.31/turn                i - +4 ring of protection
MPRegen 0.11/turn                y - ring of wizardry

@: mighty, lightly drained
A: permanent stasis, dig shafts and tunnels, antennae 3, four strong arms
a: Dig, Shaft Self


You were on level 6 of the Dungeon.
You visited 1 branch of the dungeon, and saw 6 of its levels.

You collected 434 gold pieces.

Inventory:

Hand Weapons
 a - a +0 war axe (weapon)
Missiles
 l - 8 poisoned darts (quivered)
 z - 3 throwing nets
 C - 3 boomerangs of dispersal
Armour
 m - a +0 plate armour (worn)
 p - the +2 ratskin cloak (worn) {*Rats rPois rN+ Str-1 Int-1 Dex+1}
   (You found it on level 3 of the Dungeon)

   *Rats:     When the wearer is hurt, rats may emerge from it to assist them.
   Str:       It affects your strength (-1).
   Int:       It affects your intelligence (-1).
   Dex:       It affects your dexterity (+1).
   rPois:     It protects you from poison.
   rN:        It protects you from negative energy.
 u - a +0 pair of gloves (worn)
 w - a +0 kite shield (worn)
Jewellery
 i - a +4 ring of protection (left hand)
 o - an amulet of faith (around neck)
 y - a ring of wizardry (right hand)
 B - an amulet of regeneration
Wands
 s - a wand of flame (12)
 A - a wand of roots (4)
Scrolls
 b - 5 scrolls of identify {unknown}
 c - a scroll of amnesia {unknown}
 n - a scroll of poison {unknown}
 q - 3 scrolls of magic mapping {unknown}
 r - 2 scrolls of enchant armour {unknown}
 t - 3 scrolls of vulnerability {unknown}
 v - a scroll of immolation {unknown}
 x - a scroll of summoning {unknown}
 D - a scroll of noise {unknown}
 E - a scroll of teleportation {unknown}
 F - a scroll of fear {unknown}
Potions
 d - 2 potions of might
 e - a potion of lignification {unknown}
 f - 3 potions of flight {unknown}
 g - 5 potions of curing {unknown}
 h - a potion of degeneration {unknown}
 j - 4 potions of heal wounds {unknown}
 k - a potion of brilliance {unknown}


   Skills:
 + Level 7.9 Fighting
 * Level 9.5 Axes
 - Level 3.2 Armour
 + Level 8.2 Shields


You had 8 spell levels left.
You didn't know any spells.
Your spell library contained the following spells:

 Spells                   Type           Power      Damage    Failure   Level
 Cigotuvi's Dreadful Rot  Necr/Pois/Air  0%         N/A       100%        2
 Poisonous Vapours        Pois/Air       0%         N/A       100%        2
 Mephitic Cloud           Conj/Pois/Air  0%         N/A       100%        3


Dungeon Overview and Level Annotations

Branches:
Dungeon (6/15)
 Temple: D:4-7

Altars:
Ashenzari
Fedhas
Gozag
Uskayaw
The Shining One

Shops:
D:1 *   D:6 *


Innate Abilities, Weirdness & Mutations

You cannot be hasted, slowed, berserked, paralysed or teleported.
You can dig through walls and to a lower floor.
You have a pair of large antennae on your head. (SInv)
Your four strong arms can wield two-handed weapons with a shield.


Message History

The wight barely misses you.
You barely miss the wight.
The wight is almost destroyed.
You closely miss the wight. The wight hits you with a +4 hand axe.
The wight barely misses you. You block the wight's attack.
The wight hits you but does no damage.
You hit the wight but do no damage.
The wight is almost destroyed.
You hit the wight but do no damage. The wight hits you with a +4 hand axe.
You partially resist.
You feel drained.
The wight hits you with a +7 flail of freezing!
The wight freezes you.
* * * LOW HITPOINT WARNING * * *
You are too injured to fight recklessly!
The wight attacks as you move away!
The wight hits you with a +7 flail of freezing.
* * * LOW HITPOINT WARNING * * *
The wight freezes you.
* * * LOW HITPOINT WARNING * * *
You hit the wight but do no damage.
The wight is almost destroyed.
The wight barely misses you.
You feel very mighty all of a sudden. The wight hits you with a +4 hand axe.
* * * LOW HITPOINT WARNING * * *
You partially resist.
You feel drained.
You slice the wight!!
You destroy the wight!
You closely miss the wight.
The wight is moderately damaged.
The wight barely misses you.
You barely miss the wight.
The wight is moderately damaged.
The wight hits you with a +7 flail of freezing!
* * * LOW HITPOINT WARNING * * *
You partially resist.
You feel drained.
* * * LOW HITPOINT WARNING * * *
A river rat scurries out from under your cloak.
The wight freezes you.
You die...

.............##
...##............#
.#...........###.#
. .............# #
.) ...#####.##.##
... ..######.##.#
.... ..#.........#
##.....
..#.........#
####)......
#.........# #.@zr#
#
#.........###.####
# #.........##..#
###............##
.##.......(..###
.##.........##
............#
.############ .#


You could see a wight (ally target) and a friendly river rat.

Vanquished Creatures
  Pikel (D:6)
  Maggie (D:6)
  Edmund (D:4)
  An orc warrior (D:5)
  An ice beast (D:4)
  A sky beast (D:6)
  2 black bears
  An ogre (D:6)
  2 necrophages
  4 wights (D:6)
  A howler monkey (D:4)
  2 electric eels (D:3)
  4 hounds
  3 jellies
  An orc priest (D:3)
  A gnoll bouda (D:6)
  4 iguanas
  Ijyb (D:5)
  3 adders
  8 gnolls
  A shadow imp (D:5)
  2 white imps
  An ufetubus (D:6)
  2 worms
  A dart slug (D:3)
  10 orcs
  10 endoplasms
  9 goblins
  5 hobgoblins
  8 jackals
  3 kobolds
  4 quokkas
  8 ball pythons
  2 bats
  2 frilled lizards (D:3)
  3 rats
114 creatures vanquished.

Vanquished Creatures (collateral kills)
  A centaur (D:6)
1 creature vanquished.

Vanquished Creatures (others)
  2 plants (D:3)
2 creatures vanquished.

Grand Total: 117 creatures vanquished

Notes
Turn   | Place    | Note
-------+----------+-------------------------------------------
     0 | D:1      | Bnni the Formicid Fighter began the quest for the Orb.
     0 | D:1      | Reached XP level 1. HP: 18/18 MP: 1/1
    82 | D:1      | Reached XP level 2. HP: 24/24 MP: 2/2
   463 | D:1      | Reached XP level 3. HP: 30/30 MP: 3/3
   722 | D:1      | Found Haikk's General Store.
  1109 | D:2      | Reached skill level 3 in Axes
  1444 | D:2      | Found a faded altar of an unknown god.
  1864 | D:3      | Found a transporter.
  1912 | D:3      | Reached XP level 4. HP: 37/37 MP: 4/4
  1944 | D:3      | Found a transporter.
  2082 | D:3      | Reached skill level 4 in Axes
  2305 | D:3      | Found the +2 ratskin cloak {*Rats rPois rN+ Str-1 Int-1
                  | Dex+1}
  2551 | D:3      | Reached XP level 5. HP: 32/43 MP: 5/5
  2687 | D:4      | Reached skill level 5 in Axes
  2687 | D:4      | Reached XP level 6. HP: 50/50 MP: 6/6
  2797 | D:4      | Reached skill level 5 in Fighting
  2928 | D:4      | Found an opulent altar of Gozag.
  2935 | D:4      | Found a blossoming altar of Fedhas.
  3281 | D:4      | Noticed Edmund
  3326 | D:4      | Killed Edmund
  3327 | D:4      | Reached XP level 7. HP: 28/56 MP: 7/7
  3353 | D:4      | Reached skill level 6 in Axes
  3627 | D:4      | Reached skill level 5 in Shields
  3926 | D:5      | Entered Level 5 of the Dungeon
  4012 | D:5      | Reached XP level 8. HP: 64/64 MP: 8/8
  4174 | D:5      | Found a broken altar of Ashenzari.
  4365 | D:5      | Noticed Ijyb
  4396 | D:5      | Killed Ijyb
  4569 | D:5      | Found a glowing golden altar of the Shining One.
  4741 | D:5      | Reached skill level 7 in Axes
  4878 | D:6      | Noticed Maggie
  5005 | D:6      | Found Adiupajo's Elemental Accessories.
  5013 | D:6      | Killed Maggie
  5014 | D:6      | Reached skill level 8 in Axes
  5161 | D:6      | Noticed a +0 spear
  5162 | D:6      | Noticed a +0 short sword
  5163 | D:6      | Noticed a +0 spear
  5165 | D:6      | Reached XP level 9. HP: 58/71 MP: 9/9
  5212 | D:6      | Noticed a +0 dagger
  5212 | D:6      | Noticed a +0 falchion
  5213 | D:6      | Noticed a +0 dagger
  5213 | D:6      | Noticed a +0 short sword
  5214 | D:6      | Noticed a +0 falchion
  5228 | D:6      | Found a hide-covered altar of Uskayaw.
  5379 | D:6      | Noticed Pikel
  5407 | D:6      | Killed Pikel
  5408 | D:6      | Reached skill level 9 in Axes
  5788 | D:6      | HP: 2/71 [wight/+7 flail of freezing (2)]
  5788 | D:6      | Slain by a wight

Illustrated notes

Levels and vault maps discovered:
D:1:      elethiomel_arrival_quiet, layout_basic, serial_shops,
          nicolae_shop_hallway_plus
D:2:      layout_loops_ring, shapermc_ecumenical_altar_totnotflames
D:3:      gammafunk_steamed_eel, layout_basic, kennysheep_orc_chapel
D:4:      layout_loops_corners, mainiacjoe_overflow_big_doors,
          hangedman_minor_gate_pass, uniq_edmund
D:5:      layout_loops_ring, amcnicky_altar_gilded, lemuel_round_altar,
          uniq_ijyb
D:6:      layout_rooms, nicolae_uskayaw_en_pointe, nicolae_elemental_shop,
          uniq_maggie, uniq_pikel

Skill      XL: |  1  2  3  4  5  6  7  8  9 |
---------------+----------------------------+-----
Axes           | 3 4 5 6 8 9 |  9.5
Fighting       | 4 5 6 7 |  7.9
Shields        | 5 6 8 |  8.2
Armour         | |  3.2

Action                     |  1- 3 |  4- 6 |  7- 9 || total
---------------------------+-------+-------+-------++-------
  Melee: War axe           |    76 |    93 |   251 ||   420
  Throw: Dart              |       |     4 |     6 ||    10
Ability: Dig               |       |       |     1 ||     1
  Evoke: Wand              |       |     2 |       ||     2
    Use: Potion            |       |       |     1 ||     1
 Armour: Scale mail        |    21 |       |       ||    21
         Plate armour      |    22 |    55 |   169 ||   246
  Dodge: Dodged            |    22 |    16 |    52 ||    90
  Block: Buckler           |    18 |    12 |       ||    30
         Kite shield       |       |    14 |   125 ||   139

Table legend: (Time is in decaauts)
 A = Elapsed time spent in this place.
 B = Non-inter-level travel time spent in this place.
 C = Inter-level travel time spent in this place.
 D = Time resting spent in this place.
 E = Time spent auto-exploring this place.
 F = Levels seen in this place.
 G = Mean time per level.
                   A        B        C        D        E       F      G
               +--------+--------+--------+--------+--------+-----+--------+
         Total |   5912 |   5565 |    347 |    265 |   4228 |   6 |  985.3 |
       Dungeon |   5912 |   5565 |    347 |    265 |   4228 |   6 |  985.3 |
               +--------+--------+--------+--------+--------+-----+--------+

Top non-repeatable levels by time:
     D:4: 1290 daAuts
     D:5: 1101 daAuts
     D:1: 1013 daAuts
     D:3: 895 daAuts
     D:6: 817 daAuts
     D:2: 793 daAuts
